 Dungeon Crawl Stone Soup version 0.30-b1-2-g02819fbbbe (webtiles) character file.

Game seed: 7383270824576609542

1976 redmage the Frost Mage (level 9, -2/62 HPs)
             Began as a Meteoran Ice Elementalist on July 26, 2023.
             Was an Initiate of Sif Muna.
             Killed from afar by Maurice (13 damage)
             ... with a bolt of dispelling energy
             ... on level 8 of the Dungeon.
             The game lasted 00:19:17 (1142 turns).

redmage the Frost Mage (Meteoran Ice Elementalist)  Turns: 1142, Time: 00:19:18

Health: -2/62      AC: 12    Str: 10    XL:     9   Next: 71%
Magic:  11/21      EV: 12    Int: 22    God:    Sif Muna [......]
Gold:   82         SH:  0    Dex: 14    Spells: 12/23 levels left

rFire   . . .        k - +2 flail (protect)
rCold   . . .        (no shield)
rNeg    . . .        a - +0 robe
rPois   .            (no helmet)
rElec   .            h - +0 cloak
rCorr   .            (no gloves)
SInv    .            (no boots)
Will    ++...        (no amulet)
Stlth   +            d - ring of willpower
HPRegen 0.30/turn    (no ring)
MPRegen 0.17/turn

%: no passive effects
@: ice-armoured (expiring), freezing walls, glowing
A: sense surroundings 2, otherworldly, glowing, explore regen
a: Renounce Religion


You were on level 8 of the Dungeon.
You worshipped Sif Muna.
Sif Muna was noncommittal.
You visited 2 branches of the dungeon, and saw 10 of its levels.

You collected 82 gold pieces.

Inventory:

Hand Weapons
 k - a +2 flail of protection (weapon)
 n - a +2 demon whip of venom
Armour
 a - a +0 robe (worn)
 h - a +0 cloak (worn)
Magical Staves
 l - a staff of cold
Jewellery
 d - a ring of willpower (left hand)
Potions
 b - a potion of magic
 c - a potion of mutation
 e - 2 potions of attraction
 f - 2 potions of heal wounds {unknown}
 g - 3 potions of curing {unknown}
 i - 2 potions of flight {unknown}
 j - a potion of cancellation {unknown}
 m - a potion of might {unknown}
 o - 2 potions of berserk rage {unknown}
 p - a potion of degeneration {unknown}


   Skills:
 - Level 2.4 Dodging
 - Level 1.4 Stealth
 + Level 7.7 Spellcasting
 - Level 4.0 Summonings
 + Level 9.5 Ice Magic
 * Level 7.0 Invocations


You had 12 spell levels left.
You knew the following spells:

 Your Spells              Type           Power      Damage    Failure   Level
a - Freeze                Ice            100%       1d10      1%          1
b - Frozen Ramparts       Ice            100%       1d16      1%          3
c - Ozocubu's Armour      Ice            50%        N/A       1%          3
d - Summon Ice Beast      Ice/Summ       38%        N/A       4%          4

Your spell library contained the following spells:

 Spells                   Type           Power      Damage    Failure   Level


Dungeon Overview and Level Annotations

Branches:
Dungeon (9/15) Zot: 4295   Temple (1/1) D:7 Zot: 557
   Lair: D:8-11         Orc: D:9-12

Altars:
Cheibriados
Elyvilon
Hepliaklqana
Kikubaaqudgha
Okawaru
Ru
Sif Muna
Vehumet
Zin
The Shining One

Shops:
D:5 [

Annotations:
D:7 1 runed translucent door, zielscheibe's ghost, novice KoSu
D:8 Erica; Maurice


Innate Abilities, Weirdness & Mutations

You passively map the area around you.
You are easily found by Zot.
You glow in the dark.
You regain HP and MP as you explore.


Message History

You feel very sick.
You feel sick.
You feel sick.
Maurice the Thief comes into view.
He is wielding a +0 dagger and carrying a wand of quicksilver (3).
You feel sick.
Maurice shouts!
Prince Ribbit comes into view.
You feel sick.
You are no longer poisoned.
Maurice zaps a wand.
The bolt of dispelling energy hits you!
Your magical effects are unravelling.
* * * LOW HITPOINT WARNING * * *
Casting: Frozen Ramparts (safe; 1% risk of failure)
Confirm with . or Enter, or press ? or * to list all spells.
A chill wind blows around you.
You feel yourself speed up.
Maurice casts a spell.
Maurice puts on a burst of speed!
You swap places.
Your ice beast hits Prince Ribbit.
Your ice beast freezes Prince Ribbit!
Casting: Summon Ice Beast (dangerous; 4% risk of failure)
Confirm with . or Enter, or press ? or * to list all spells.
Casting: Frozen Ramparts (safe; 1% risk of failure)
Press: ? - help, Dir - look around, f - activate The walls around you are covered in ice.
The wall freezes Prince Ribbit!
Prince Ribbit seems to slow down.
Prince Ribbit barely misses your ice beast.
Your ice beast hits Prince Ribbit.
Your ice beast freezes Prince Ribbit!
Unknown command.
Unknown command.
Casting: Frozen Ramparts (safe; 1% risk of failure)
Confirm with . or Enter, or press ? or * to list all spells.
A film of ice covers your body!
The wall freezes Prince Ribbit!
You kill Prince Ribbit!
Sif Muna accepts your kill.
The wall freezes Maurice.
Maurice zaps a wand.
The bolt of dispelling energy hits your ice beast!
The bolt of dispelling energy hits you!
Your magical effects are unravelling.
You die...

,* * * , , * **
* * ,, , , , *
** * ,* * , * ,
* #######.##.*
*
**#.@Y.@....#,,
# ###.######.#.
*, #.#§...§# ,
#.#.....####.#
#.#
#...._........
#.#
###.....####.#,
#.# #§....# * *
#.# ###.### ,*
#.# #..# #.# #


You could see Maurice (swift, ally target) and a friendly ice beast (summoned).

Vanquished Creatures
  Amaemon (D:8)
  Prince Ribbit (D:8)
  A steam dragon (D:7)
  A water moccasin (D:7)
  An orc warrior (D:8)
  3 sky beasts
  A centaur (D:7)
  A scorpion (D:6)
  3 killer bees (D:8)
  A hound (D:6)
  2 iguanas (D:6)
  A sleepcap (D:6)
  An orc wizard (D:8)
  3 gnolls (D:3)
  2 adders (D:2)
  2 white imps
  A worm (D:2)
  5 orcs
  An endoplasm (D:1)
  A giant cockroach (D:3)
  3 goblins
  5 jackals
  A ball python (D:2)
  2 bats
  A kobold (D:1)
  2 rats
47 creatures vanquished.

Vanquished Creatures (collateral kills)
  An orange demon (D:8)
  A hound (D:8)
  A shadow imp (D:8)
  4 orcs (D:8)
7 creatures vanquished.

Grand Total: 54 creatures vanquished

Notes
Turn   | Place    | Note
-------+----------+-------------------------------------------
     0 | D:1      | redmage the Meteoran Ice Elementalist began the quest for
                  | the Orb.
     0 | D:1      | Reached XP level 1. HP: 14/14 MP: 5/5
   106 | D:1      | Reached XP level 2. HP: 20/20 MP: 3/6
   184 | D:2      | Reached XP level 3. HP: 23/26 MP: 2/8
   192 | D:2      | Learned a level 3 spell: Frozen Ramparts
   196 | D:2      | Learned a level 3 spell: Ozocubu's Armour
   201 | D:2      | Reached skill level 5 in Ice Magic
   287 | D:3      | Reached XP level 4. HP: 33/33 MP: 5/10
   383 | D:5      | Entered Level 5 of the Dungeon
   514 | D:5      | Found Kisuf's Antique Armour Boutique.
   516 | D:5      | Found a glowing silver altar of Zin.
   558 | D:6      | Noticed a scorpion
   562 | D:6      | Reached XP level 5. HP: 38/38 MP: 4/12
   564 | D:6      | Reached skill level 6 in Ice Magic
   565 | D:6      | Reached XP level 6. HP: 41/45 MP: 2/13
   571 | D:6      | Noticed a sky beast
   578 | D:6      | Killed a sky beast
   579 | D:6      | Reached skill level 5 in Spellcasting
   579 | D:6      | Reached skill level 7 in Ice Magic
   579 | D:6      | Reached XP level 7. HP: 36/50 MP: 1/15
   616 | D:7      | Learned a level 4 spell: Summon Ice Beast
   618 | D:7      | Noticed a water moccasin
   620 | D:7      | Killed a water moccasin
   621 | D:7      | Reached skill level 1 in Summonings
   621 | D:7      | Reached skill level 8 in Ice Magic
   621 | D:7      | Reached XP level 8. HP: 50/57 MP: 9/17
   624 | D:7      | Found a sacrificial altar of Ru.
   677 | D:7      | Found a runed translucent door.
   683 | D:7      | Noticed zielscheibe's ghost (novice KoSu)
   732 | D:7      | Noticed a steam dragon
   735 | D:7      | Killed a steam dragon
   869 | D:7      | Found a staircase to the Ecumenical Temple.
   882 | Temple   | Entered the Ecumenical Temple
   904 | Temple   | Became a worshipper of Sif Muna the Loreminder
   948 | D:8      | Noticed Erica
   983 | D:8      | Noticed an orange demon
   984 | D:8      | Noticed Amaemon
   998 | D:8      | Killed an orange demon
  1001 | D:8      | Killed Amaemon
  1002 | D:8      | Reached skill level 9 in Ice Magic
  1002 | D:8      | Gained mutation: You passively map the area around you.
                  | [Meteoran growth]
  1002 | D:8      | Reached XP level 9. HP: 62/62 MP: 10/21
  1122 | D:8      | Found an ancient bone altar of Kikubaaqudgha.
  1137 | D:8      | Noticed Maurice
  1138 | D:8      | Noticed Prince Ribbit
  1142 | D:8      | Killed Prince Ribbit
  1142 | D:8      | Killed from afar by Maurice

Illustrated notes

Levels and vault maps discovered:
D:1:      erik_arrival_blinker_ship, layout_basic,
          hangedman_abyss_or_decor_stabs, minmay_pentomino_q4
D:2:      layout_loops_ring
D:3:      layout_basic
D:4:      layout_loops_ring, makhleb_altar_promises_db,
          gammafunk_ghost_mausoleum, uniq_natasha, uniq_menkaure, uniq_sigmund
D:5:      nicolae_BIG_FREAKIN_CUBE, layout_cave_pools, general_overflow_altar,
          serial_shops, shop
D:6:      layout_loops_cross, glass_columns_b, uniq_duvessa, uniq_eustachio
D:7:      layout_loops_ring, hangedman_ru_absence, temple_fountains,
          ebering_ghost_reflecting_pool, uniq_crazy_yiuf_cottage
D:8:      layout_loops_ring, nicolae_kikubaaqudgha_miasma_corner,
          erik_lair_island, uniq_maurice, uniq_amaemon, uniq_prince_ribbit1,
          uniq_erica
D:9:      layout_rooms, roderic_malta_cross, uniq_maggie, uniq_gastronok
Temple:   regret_index_temple_chain_breaker

Skill      XL: |  1  2  3  4  5  6  7  8  9 |
---------------+----------------------------+-----
Spellcasting   | 3 4 5 7 |  7.7
Ice Magic      | 5 6 7 8 9 |  9.5
Summonings     | 1 4 |  4.0
Invocations    | 6 7 |  7.0
Dodging        | |  2.4
Stealth        | |  1.4

Action                     |  1- 3 |  4- 6 |  7- 9 || total
---------------------------+-------+-------+-------++-------
  Melee: Unarmed           |    15 |     1 |       ||    16
         Staff             |       |     4 |       ||     4
         Flail             |       |       |     2 ||     2
         Demon whip        |       |       |     8 ||     8
   Cast: Freeze            |    27 |     9 |    12 ||    48
         Frozen Ramparts   |     3 |     4 |    12 ||    19
         Ozocubu's Armour  |       |     3 |     4 ||     7
         Summon Ice Beast  |       |       |     5 ||     5
    Use: Scroll            |       |     4 |     2 ||     6
 Armour: Robe              |     7 |     5 |     5 ||    17
  Dodge: Dodged            |    24 |    14 |    17 ||    55
